 Dungeon Crawl Stone Soup version 0.29.1-1-gd02db6906a (webtiles) character file.

Game seed: 13720355984057089329

2832 raistware the Thaumaturge (level 9, -4/51 HPs)
             Began as an Octopode Conjurer on Sept 16, 2022.
             Was a Follower of Vehumet.
             Slain by a gnoll sergeant
             ... wielding a +0 spear
              (6 damage)
             ... on level 7 of the Dungeon.
             The game lasted 00:17:16 (9377 turns).

raistware the Thaumaturge (Octopode Conjurer)       Turns: 9377, Time: 00:17:16

Health: -4/51      AC:  3    Str:  6    XL:     9   Next: 73%
Magic:  22/22      EV: 13    Int: 24    God:    Vehumet [*.....]
Gold:   307        SH:  0    Dex: 11    Spells: 21/27 levels left

rFire   . . .      SeeInvis .   y - +4 quarterstaff (chaos)
rCold   . . .      Faith    .   (shield currently unavailable)
rNeg    . . .      Spirit   .   d - +2 hat
rPois   .          Reflect  .   (no amulet)
rElec   .          Harm     .   (no ring)
rCorr   .          Rampage  .   (no ring)
Will    .....                   (no ring)
Stlth   +++.......              (no ring)
HPRegen 0.17/turn               (no ring)
MPRegen 0.18/turn               (no ring)
                                (no ring)
                                (no ring)

@: no status effects
A: almost no armour, amphibious, 8 rings, camouflage 1, gelatinous body 1,
(nimble swimmer 1), tentacles
a: Renounce Religion


You were on level 7 of the Dungeon.
You worshipped Vehumet.
Vehumet was aware of your devotion.
You visited 2 branches of the dungeon, and saw 8 of its levels.

You collected 307 gold pieces.

Inventory:

Hand Weapons
 y - a +4 quarterstaff of chaos (weapon)
Missiles
 a - 5 javelins
 h - 2 throwing nets
 t - 6 poisoned darts
Armour
 d - a +2 hat (worn)
Wands
 n - a wand of digging (5)
Scrolls
 b - 3 scrolls of identify {unknown}
 c - 3 scrolls of immolation {unknown}
 e - a scroll of poison {unknown}
 f - 2 scrolls of fog
 k - 2 scrolls of fear {unknown}
 l - a scroll of vulnerability {unknown}
 p - a scroll of acquirement {unknown}
 u - 2 scrolls of teleportation {unknown}
Potions
 g - a potion of curing
 i - 3 potions of mutation {unknown}
 j - 2 potions of attraction {unknown}
 m - a potion of haste {unknown}
 o - a potion of flight {unknown}
 q - a potion of magic
 r - 2 potions of ambrosia {unknown}
 v - a potion of degeneration {unknown}
 w - a potion of lignification {unknown}
 x - a potion of heal wounds {unknown}


   Skills:
 - Level 3.0 Dodging
 - Level 3.0 Stealth
 + Level 9.8 Spellcasting
 - Level 8.0 Conjurations
 - Level 2.0 Translocations
 - Level 2.0 Evocations


You had 21 spell levels left.
You knew the following spells:

 Your Spells              Type           Power      Damage    Failure   Level
a - Magic Dart            Conj           100%       1d8       1%          1
b - Iskenderun's Mystic   Conj/Tloc      35%        2d8       7%          4
z - Apportation           Tloc           42%        N/A       2%          1

Your spell library contained the following spells:

 Spells                   Type           Power      Damage    Failure   Level
 Sandblast                Erth           22%        2d7       5%          1
 Shock                    Conj/Air       100%       1d9       1%          1
 Searing Ray              Conj           100%       2d8       1%          2
 Blink                    Tloc           42%        N/A       3%          2
 Dazzling Flash           Conj/Hex       62%        N/A       3%          3
 Necrotise                Necr           44%        1d6       5%          1
 Summon Small Mammal      Summ           44%        N/A       5%          1
 Sublimation of Blood     Necr           11%        N/A       9%          2
 Wereblood                Tmut           11%        N/A       9%          2
 Portal Projectile        Hex/Tloc       32%        N/A       11%         3
 Fulminant Prism          Conj/Hex       15%        3d11      11%         4
 Tukima's Dance           Hex            11%        N/A       16%         3
 Manifold Assault         Tloc           21%        N/A       54%         5
 Blade Hands              Tmut           5%         N/A       83%         5
 Silence                  Hex/Air        5%         N/A       83%         5
 Storm Form               Tmut/Air       5%         N/A       100%        7
 Summon Hydra             Summ           5%         N/A       100%        7


Dungeon Overview and Level Annotations

Branches:
Dungeon (7/15)             Temple (1/1) D:4

Altars:
Ashenzari
Cheibriados
Dithmenos
Fedhas
Gozag
Nemelex Xobeh
Okawaru
Sif Muna
Trog
Vehumet
The Shining One

Shops:
D:2 (

Annotations:
D:7 Joseph


Innate Abilities, Weirdness & Mutations

You cannot wear most types of armour.
You are amphibious.
You can wear up to eight rings at the same time.
Your skin changes colour to match your surroundings (Stealth+).
Your rubbery body absorbs attacks. (AC +1, EV +1)
((You are camouflaged when in or above water. (Stealth+)))
You have tentacles for arms and can constrict up to eight enemies at once.


Message History

You flicker back into view.
You start resting.
HP restored.
t - 6 poisoned darts (gained 1)
Items here: ( ))) [[[.
Items here: ))) [[.
No target in view!
j - 2 viscous coppery potions
Things that are here:
a +0 club; a gnoll skeleton
Press: ? - help, v - describe, . - travel The floor.
Press: ? - help, . - travel You can't see that place. [the floor.] Reduced exclusion size to a single square.
Removed exclusion.
The gnoll sergeant shouts!
You hear a shout!
The gnoll sergeant hits you from afar with a +0 spear!
Joseph shouts!
Joseph shoots a sling bullet.
The sling bullet hits you!
The gnoll sergeant hits you with a +0 spear!
You closely miss the gnoll sergeant. You grab the gnoll sergeant.
You squeeze the gnoll sergeant, but do no damage.
You constrict the gnoll sergeant, but do no damage.
The gnoll sergeant hits you with a +0 spear!
* * * LOW HITPOINT WARNING * * *
Unknown command.
As you read the scroll labelled ZOGENI JODE, it crumbles to dust.
The scroll dissolves into smoke.
It was a scroll of fog.
You constrict the gnoll sergeant.
Joseph shoots a sling bullet.
The sling bullet closely misses you.
The gnoll sergeant hits you with a +0 spear.
* * * LOW HITPOINT WARNING * * *
Unknown command.
You release your grip on the gnoll sergeant.
The gnoll sergeant attacks as you move away!
The gnoll sergeant misses you. The gnoll barely misses you.
The gnoll sergeant hits you from afar with a +0 spear.
You die...

###..# ......
#..###########.......#
##....................#
##
##...).................#
#~
#....)..................
#~
##......................
#~
#......[...............
##
#........)...§§.§......
#~
#............§§@.......
#~
##....)......§§§g<.....
#~
#...........§g§.......
#~
#...........§§§.......
#~
##....................
#~ #....................
#~ #............(.......
#~ ...@.............. #~
............... #~


You could see a gnoll sergeant and a gnoll.

Vanquished Creatures
  Pikel (D:5)
  A wyvern (D:7)
  Menkaure (D:7)
  A water moccasin (D:4)
  An ice beast (D:5)
  A black bear (D:5)
  A sky beast (D:5)
  2 ogres (D:4)
  A lemure (D:5)
  2 phantoms (D:3)
  A bullfrog (D:6)
  3 scorpions
  8 wights (D:7)
  An orc priest (D:5)
  3 hounds
  Crazy Yiuf (D:7)
  A gnoll bouda (D:6)
  A jelly (D:7)
  5 iguanas
  An orc wizard (D:6)
  14 gnolls
  5 adders
  3 white imps
  4 worms
  3 dart slugs
  15 orcs
  7 endoplasms
  2 giant cockroaches
  9 hobgoblins
  8 kobolds
  7 quokkas
  4 ball pythons
  9 bats
  5 frilled lizards
  10 goblins
  5 rats
147 creatures vanquished.

Vanquished Creatures (collateral kills)
  2 lemures (D:5)
  A gnoll sergeant (D:6)
  2 gnolls
  An ufetubus (D:5)
6 creatures vanquished.

Vanquished Creatures (others)
  A steam dragon (D:7)
  An orc wizard (D:6)
  3 gnolls
5 creatures vanquished.

Grand Total: 158 creatures vanquished

Notes
Turn   | Place    | Note
-------+----------+-------------------------------------------
     0 | D:1      | raistware the Octopode Conjurer began the quest for the
                  | Orb.
     0 | D:1      | Reached XP level 1. HP: 11/11 MP: 3/3
   204 | D:1      | Reached XP level 2. HP: 17/17 MP: 3/5
   586 | D:1      | Reached skill level 3 in Spellcasting
   770 | D:1      | Reached XP level 3. HP: 21/21 MP: 3/7
  1168 | D:1      | Found a faded altar of an unknown god.
  1731 | D:2      | Reached XP level 4. HP: 27/27 MP: 5/9
  1736 | D:2      | Learned a level 4 spell: Iskenderun's Mystic Blast
  1766 | D:2      | Reached skill level 4 in Spellcasting
  2006 | D:2      | Found Lareratikh's Weapon Shoppe.
  2272 | D:3      | Identified the +1 robe "Ruagg" {rN+ Int-4 Dex+4 SInv}
  2322 | D:3      | Noticed a phantom
  2407 | D:3      | Reached skill level 1 in Translocations
  2801 | D:3      | Killed a phantom
  2802 | D:3      | Reached XP level 5. HP: 21/31 MP: 1/11
  3202 | D:4      | Noticed a phantom
  3263 | D:3      | Killed a phantom
  3264 | D:3      | Reached skill level 5 in Spellcasting
  3264 | D:3      | Reached XP level 6. HP: 28/36 MP: 2/14
  3352 | D:4      | Noticed a water moccasin
  3396 | D:4      | Killed a water moccasin
  3397 | D:4      | Reached skill level 6 in Spellcasting
  3720 | D:4      | Reached XP level 7. HP: 34/41 MP: 7/16
  4610 | D:4      | Reached skill level 5 in Conjurations
  4693 | D:4      | Reached skill level 7 in Spellcasting
  4710 | D:4      | Found a staircase to the Ecumenical Temple.
  4719 | Temple   | Entered the Ecumenical Temple
  4727 | Temple   | Became a worshipper of Vehumet
  4768 | D:4      | Got the Handbook of the Lungs
  4869 | D:4      | Found a bloodstained altar of Trog.
  4902 | D:4      | Found a sparkling altar of Nemelex Xobeh.
  5048 | D:5      | Entered Level 5 of the Dungeon
  5207 | D:5      | Reached XP level 8. HP: 36/46 MP: 10/19
  5351 | D:5      | Found a shadowy altar of Dithmenos.
  5680 | D:5      | Reached skill level 8 in Spellcasting
  5958 | D:5      | Noticed Pikel
  6036 | D:5      | Killed Pikel
  6083 | D:5      | Learned a level 1 spell: Apportation
  6675 | D:5      | Reached XP level 9. HP: 51/51 MP: 15/21
  7074 | D:6      | Reached skill level 1 in Evocations
  7198 | D:6      | Reached * piety under Vehumet
  7198 | D:6      | Offered knowledge of Sandblast by Vehumet.
  7497 | D:6      | Found an iron altar of Okawaru.
  7693 | D:7      | Noticed Menkaure
  7698 | D:7      | Killed Menkaure
  8491 | D:7      | Reached skill level 9 in Spellcasting
  8819 | D:7      | Found a runed translucent door.
  8820 | D:7      | Noticed Crazy Yiuf
  8831 | D:7      | Killed Crazy Yiuf
  9113 | D:7      | Noticed Joseph
  9376 | D:7      | HP: 2/51 [gnoll sergeant/+0 spear (6)]
  9377 | D:7      | Slain by a gnoll sergeant

Illustrated notes

Levels and vault maps discovered:
D:1:      lightli_arrival_isolated_outpost, layout_loops_ring,
          hellmonk_ecumenical_altar_leap_of_faith
D:2:      layout_basic, serial_shops, nicolae_shop_trees, nrook_mini_backslash
D:3:      layout_rooms, grunt_decor_resistance, corexii_hall_statues_i
D:4:      layout_loops_ring, mainiacjoe_overflow_two_lobes,
          minmay_temple_entry_waves, roderic_batcave, minmay_misc_feat_roman,
          grunt_ministairs_11, minmay_ruptured
D:5:      layout_loops_ring, nicolae_dithmenos_shadow_blocks,
          nicolae_overflow_hidden_temple, uniq_pikel
D:6:      layout_rooms, lemuel_doored_altar
D:7:      layout_layer_cave, chequers_serial_rivers_large_b,
          minmay_statues_item, uniq_crazy_yiuf_cottage, uniq_menkaure,
          uniq_joseph
Temple:   eino_temple_lava

Skill      XL: |  1  2  3  4  5  6  7  8  9 |
---------------+----------------------------+-----
Spellcasting   | 3 4 5 6 7 8 9 |  9.8
Stealth        | 3 |  3.0
Translocations | 2 |  2.0
Conjurations   | 5 7 8 |  8.0
Dodging        | 3 |  3.0
Evocations     | 2 |  2.0

Action                   |  1- 3 |  4- 6 |  7- 9 || total
-------------------------+-------+-------+-------++-------
Melee: Unarmed           |     5 |     9 |    28 ||    42
       Tentacles         |     1 |     4 |    12 ||    17
       Constrict         |     1 |     2 |     9 ||    12
       Quarterstaff      |       |       |     3 ||     3
       Punch             |       |       |     1 ||     1
Throw: Dart              |       |       |     4 ||     4
       Throwing net      |       |       |     3 ||     3
 Cast: Magic Dart        |    70 |   107 |   275 ||   452
       Iskenderun's Myst |       |       |    21 ||    21
Evoke: Wand              |       |       |    14 ||    14
  Use: Potion            |       |     3 |     2 ||     5
       Scroll            |       |       |     1 ||     1
 Stab: Confused          |       |       |     1 ||     1
Armor: Skin              |     1 |     6 |     8 ||    15
Dodge: Dodged            |     9 |    35 |    72 ||   116
